 Dungeon Crawl Stone Soup version 0.27-a0-686-gaed091b46b (webtiles) character file.

Game seed: 1107037660924682202

47 ENesbit the Cudgeller (level 3, 0/29 HPs)
             Began as a Human Monk on Mar 20, 2021.
             Slain by a kobold
             ... wielding a +1 whip of venom
              (3 damage)
             ... on level 2 of the Dungeon.
             The game lasted 00:07:34 (934 turns).

ENesbit the Cudgeller (Human Monk)                   Turns: 934, Time: 00:07:35

Health: 0/29       AC:  5    Str: 12    XL:     3   Next: 97%
Magic:  3/3        EV: 11    Int: 10    God:
Gold:   43         SH:  0    Dex: 15    Spells: 2/2 levels left

rFire    . . .     SeeInvis .   a - +0 mace
rCold    . . .     Faith    .   (no shield)
rNeg     . . .     Spirit   .   b - +0 ring mail
rPois    .         Reflect  .   (no helmet)
rElec    .         Harm     .   (no cloak)
rCorr    .         Rampage  .   (no gloves)
Will     .....                  (no boots)
Stlth    ++........             (no amulet)
HPRegen  0.09/turn              (no ring)
MPRegen  0.08/turn              (no ring)

@: mighty, lethally poisoned (0 -> -4), attractive
A: no striking features
a: no special abilities


You were on level 2 of the Dungeon.
You visited 1 branch of the dungeon, and saw 3 of its levels.

You collected 43 gold pieces.

Inventory:

Hand Weapons
 a - a +0 mace (weapon)
Missiles
 h - 2 throwing nets (quivered)
Armour
 b - a +0 ring mail (worn)
Scrolls
 c - a scroll of holy word {unknown}
 d - 2 scrolls of identify {unknown}
 f - a scroll of enchant weapon {unknown}
 g - a scroll of fear {unknown}
 j - a scroll of vulnerability {unknown}


   Skills:
 + Level 3.2 Fighting
 + Level 3.7 Maces & Flails
 + Level 0.2 Armour
 + Level 3.3 Dodging
 + Level 2.5 Stealth


You had 2 spell levels left.
You didn't know any spells.
Your spell library was empty.

Dungeon Overview and Level Annotations

Branches:
Dungeon (3/15)

Altars:
Elyvilon


Message History

Found a scroll labelled TYGUACOITO and a spear.
You closely miss the frilled lizard. The frilled lizard barely misses you.
You barely miss the frilled lizard. The frilled lizard bites you.
You barely miss the frilled lizard. The frilled lizard closely misses you.
You sock the frilled lizard!
You kill the frilled lizard!
You see here a frilled lizard corpse.
Found 6 gold pieces. 2 kobolds come into view.
A kobold is wielding a +1 whip of venom.
The kobold moves out of view.
The kobold shouts!
You hear a shout!
You see here a scroll labelled TYGUACOITO.
j - a scroll labelled TYGUACOITO The kobold throws a stone.
The stone hits you.
The kobold throws a stone.
The stone hits you.
* * * LOW HITPOINT WARNING * * *
A bat and a kobold come into view.
The kobold shouts!
You hear an angry hiss.
The kobold hits you but does no damage.
You barely miss the kobold.
A frilled lizard comes into view.
The kobold closely misses you. The kobold hits you but does no damage.
You closely miss the kobold. The kobold closely misses you.
The kobold barely misses you.
You closely miss the kobold. The kobold hits you but does no damage.
You are poisoned.
The kobold misses you.
It was a potion of attraction.
You feel attractive to monsters.
* * * LOW HITPOINT WARNING * * *
You feel sick.
The kobold hits you with a +1 whip of venom.
* * * LOW HITPOINT WARNING * * *
The kobold closely misses you.
The frilled lizard is pulled toward you!
It was a potion of might.
You feel very mighty all of a sudden.
The kobold hits you with a +1 whip of venom.
You die...

..#####.###.###.......#
#.....................#
#.################.....
##...# ♣♣♣ #...# ♣♣♣.♣♣♣
♣♣...# ♣♣.....♣♣ ♣♣.....
♣♣.......♣♣♣......
♣@..≈≈≈..†♣...≈≈≈.
≈≈≈≈.lKK.≈≈≈≈≈.....≈≈≈≈≈
≈♣≈≈.....≈≈_≈≈.....≈≈♣≈≈
≈≈≈≈.....≈≈≈≈≈.....≈≈≈≈≈
≈≈≈..$♣...≈≈≈...♣...≈≈≈.
.....♣♣♣.......♣♣♣......
....♣ ♣♣)....♣♣ ♣♣.....
###♣ ♣♣♣.♣♣♣ ♣#### ♣♣


You could see 2 kobolds and a frilled lizard.

Vanquished Creatures
  An adder (D:2)
  A leopard gecko (D:1)
  10 bats
  2 giant cockroaches (D:1)
  3 goblins (D:1)
  4 hobgoblins
  2 quokkas
  3 frilled lizards
  4 kobolds (D:1)
  8 rats
38 creatures vanquished.

Notes
Turn   | Place    | Note
-------+----------+-------------------------------------------
     0 | D:1      | ENesbit the Human Monk began the quest for the Orb.
     0 | D:1      | Reached XP level 1. HP: 18/18 MP: 1/1
   190 | D:1      | Reached XP level 2. HP: 20/24 MP: 2/2
   493 | D:1      | Reached XP level 3. HP: 26/29 MP: 3/3
   855 | D:2      | HP: 1/29 [poisoned by an adder]
   914 | D:2      | Found a white marble altar of Elyvilon.
   934 | D:2      | Slain by a kobold

Illustrated notes

Levels and vault maps discovered:
D:1:      eino_arrival_cavern_d, layout_loops_ring
D:2:      layout_rooms, chequers_ecumenical_altar_simple_redux, elyvilon_altar_3
D:3:      layout_loops_ring, grunt_decor_one_mirror

Action                   || total
-------------------------++-------
Melee: Mace              ||   125
  Use: Potion            ||     3
 Stab: Sleeping          ||     4
Armor: Robe              ||     4
       Ring mail         ||    42
       Leather armour    ||     5
Dodge: Dodged            ||    97

Table legend: (Time is in decaauts)
 A = Elapsed time spent in this place.
 B = Non-inter-level travel time spent in this place.
 C = Inter-level travel time spent in this place.
 D = Time resting spent in this place.
 E = Time spent auto-exploring this place.
 F = Levels seen in this place.
 G = Mean time per level.
                   A        B        C        D        E       F      G
               +--------+--------+--------+--------+--------+-----+--------+
         Total |    965 |    965 |      0 |      0 |     65 |   3 |  321.7 |
       Dungeon |    965 |    965 |      0 |      0 |     65 |   3 |  321.7 |
               +--------+--------+--------+--------+--------+-----+--------+

Top non-repeatable levels by time:
     D:1: 827 daAuts
     D:2: 136 daAuts
     D:3: 1 daAuts
